 Dungeon Crawl Stone Soup version 0.17.0-18-gaab0e96 (webtiles) character file.

81 HaroldButt the Insei (level 4, -4/35 HPs)
             Began as a Draconian Transmuter on Nov 11, 2015.
             Killed from afar by an orc wizard (11 damage)
             ... with a magic dart
             ... on level 4 of the Dungeon.
             The game lasted 00:05:30 (1921 turns).

HaroldButt the Insei (Draconian Transmuter)         Turns: 1921, Time: 00:05:30

Health: -4/35      AC:  5    Str: 12    XL:     4   Next: 20%
Magic:  0/7        EV: 12    Int: 13    God:
Gold:   119        SH:  0    Dex: 13    Spells: 3 memorised, 1 level left

rFire  . . .     SeeInvis .       - Unarmed
rCold  . . .     Clarity  .     (armour unavailable)
rNeg   . . .     SustAt   +     (no shield)
rPois  .         Gourm    .     (helmet restricted)
rElec  .         Spirit   .     (no cloak)
rCorr  .         Warding  .     (no gloves)
rMut   .         Stasis   .     (no boots)
MR     .....                    (no amulet)
Stlth  +.........               (no ring)
                                g - ring of sustain attributes

@: very slightly contaminated, not resistant to hostile enchantments, very
unstealthy
A: unfitting armour, cold-blooded, AC +5
a: no special abilities


You were on level 4 of the Dungeon.
You were hungry.

You visited 1 branch of the dungeon, and saw 4 of its levels.

You collected 119 gold pieces.

Inventory:

Missiles
 a - 31 arrows
 e - 124 stones (quivered)
Jewellery
 g - a ring of sustain attributes (left hand)
Scrolls
 d - a scroll of random uselessness {unknown}
 k - a scroll of blinking {unknown}
 m - a scroll of remove curse {unknown}
 o - a scroll of teleportation {unknown}
 r - a scroll of noise {unknown}
 s - a scroll of identify {unknown}
Potions
 h - 2 potions of heal wounds {unknown}
 i - 4 potions of curing {unknown}
 l - 2 potions of brilliance {unknown}
 p - a potion of cancellation {unknown}
 q - a potion of flight {unknown}
Books
 b - a book of Changes

   Spells                             Type                      Level
   a - Beastly Appendage              Transmutation                1
   b - Sticks to Snakes               Transmutation                2
   c - Spider Form                    Transmutation/Poison         3
   d - Ice Form                       Ice/Transmutation            4
   e - Blade Hands                    Transmutation                5
Comestibles
 c - a bread ration
 f - 9 chunks of flesh
 j - 4 meat rations
 n - a royal jelly


   Skills:
 + Level 1.2 Fighting
 + Level 1.9 Dodging
 - Level 5.0 Unarmed Combat
 - Level 2.0 Spellcasting
 - Level 2.0 Transmutations


You had one spell level left.
You knew the following spells:

 Your Spells              Type           Power        Failure   Level  Hunger
a - Beastly Appendage     Trmt           #.....       12%         1    ##.....
b - Sticks to Snakes      Trmt           #.........   17%         2    ###....
c - Spider Form           Trmt/Pois      #.........   52%         3    ####...


Dungeon Overview and Level Annotations

Branches:
Dungeon (4/15)
 Temple: D:4-7

Altars:
Vehumet

Annotations:
D:3 HaroldButt's ghost, amateur DgTm


Innate Abilities, Weirdness & Mutations

Your plain brown scales are hard (AC +5).
Your body does not fit into most forms of armour.
You are cold-blooded and may be slowed by cold attacks.


Message History

Casting: Sticks to Snakes
Confirm with . or Enter, or press ? or * to list all spells.
You don't have enough magic to cast that spell.
Your ball python barely misses the quokka.
Your ball python constricts the quokka.
The quokka barely misses your ball python.
Casting: Sticks to Snakes
Confirm with . or Enter, or press ? or * to list all spells.
You create a snake!
Something hits you but does no damage.
Your ball python barely misses the quokka.
Your ball python constricts the quokka.
The quokka dies!
Something barely misses you.
You swap places.
Something barely misses your ball python.
Something hits your ball python but does no damage.
There is a stone staircase leading up here.
A magic dart appears from out of thin air!
The magic dart hits you!
You die...

.## .# #.. .. ... ..##
#.## ...# ... #!.#
#.######..# ####
..).......# #.. .#
#####S..#.# #.# #.#
#........######@# #.#
##.............<.#+#.###
..........S####........#
#......................#
.............##........#
..............#........#
................##'#'###
..............#....#.#
.............#######.#


You could see a friendly ball python.

Vanquished Creatures
  An adder (D:2)
  An ooze (D:1)
  3 worms
  A giant gecko (D:2)
  2 orcs (D:4)
  2 ball pythons (D:2)
  4 giant cockroaches
  12 goblins
  5 hobgoblins
  4 jackals
  4 kobolds
  4 bats
  4 giant newts
  4 rats
51 creatures vanquished.

Vanquished Creatures (collateral kills)
  A quokka (D:4)
1 creature vanquished.

Grand Total: 52 creatures vanquished

Notes
Turn   | Place    | Note
--------------------------------------------------------------
     0 | D:1      | HaroldButt the Draconian Transmuter began the quest for the Orb.
     0 | D:1      | Reached XP level 1. HP: 16/16 MP: 3/3
   396 | D:1      | Reached XP level 2. HP: 23/23 MP: 5/5
   600 | D:1      | Reached skill level 4 in Unarmed Combat
   867 | D:2      | Reached XP level 3. HP: 24/28 MP: 6/6
   888 | D:2      | Learned a level 2 spell: Sticks to Snakes
   899 | D:2      | Learned a level 3 spell: Spider Form
   913 | D:2      | Found a radiant altar of Vehumet.
  1540 | D:2      | Reached XP level 4. HP: 28/35 MP: 7/7
  1767 | D:3      | Reached skill level 5 in Unarmed Combat
  1813 | D:3      | Noticed HaroldButt's ghost (amateur DgTm)
  1921 | D:4      | Killed from afar by an orc wizard

Action                   |  1- 3 |  4- 6 || total
-------------------------+-------+-------++-------
Melee: Unarmed           |   155 |    43 ||   198
 Cast: Beastly Appendage |     3 |     2 ||     5
       Sticks to Snakes  |       |     3 ||     3
 Stab: Sleeping          |     1 |       ||     1
  Eat: Chunk             |     2 |     1 ||     3
